 Dungeon Crawl Stone Soup version 0.20-a0-957-g47ad1fd (webtiles) character file.

4416 Koga the Basher (level 10, -4/96 HPs)
             Began as a Gargoyle Fighter on Apr 5, 2017.
             Was a Priest of Okawaru.
             Slain by a two-headed ogre
             ... wielding a +0 giant club
              (22 damage)
             ... on level 8 of the Dungeon.
             The game lasted 00:22:14 (7372 turns).

Koga the Basher (Gargoyle Fighter)                  Turns: 7372, Time: 00:22:16

Health: -4/96      AC: 25    Str: 22    XL:     10   Next: 36%
Magic:  10/10      EV:  2    Int: 10    God:    Okawaru [***...]
Gold:   299        SH: 10    Dex: 17    Spells: 9/9 levels left

rFire    . . .     SeeInvis .   d - +5 falchion "Didetoesm" {flame, MR- Dex+8}
rCold    . . .     Gourm    .   c - +0 shield
rNeg     + + +     Faith    +   (armour currently unavailable)
rPois    ∞         Spirit   .   (helmet currently unavailable)
rElec    .         Reflect  .   (cloak currently unavailable)
rCorr    .         Harm     .   (gloves currently unavailable)
MR       .....     NoTele   +   (boots currently unavailable)
Stlth    ++........             G - amulet of faith
Regen    0.3/turn               B - ring of protection from magic
MPRegen  0.2/turn               H - +3 ring of evasion

@: tree-form
A: negative energy resistance 1, (electricity resistance), (unbreathing),
petrification resistance, rot immunity, AC +7
a: Heroism, Renounce Religion


You were on level 8 of the Dungeon.
You worshipped Okawaru.
Okawaru was most pleased with you.
You were hungry.
You were a tree.
You visited 1 branch of the dungeon, and saw 9 of its levels.

You collected 299 gold pieces.

Inventory:

Hand Weapons
 a - a +1 flail
 d - the +5 falchion "Didetoesm" (weapon) {flame, MR- Dex+8}
   (You acquired it on level 6 of the Dungeon)

   It has been specially enchanted to burn those struck by it, causing extra
   injury to most foes and up to half again as much damage against particularly
   susceptible opponents.
   Big, fiery blades are also staple armaments of hydra-hunters.
   It affects your dexterity (+8).
   It affects your resistance to hostile enchantments.
 j - a +1 falchion of slicing
 m - a +0 shortbow of freezing
Missiles
 u - 32 arrows
Armour
 b - a +0 pair of boots (melded)
 c - a +0 shield (worn)
 r - a +2 pair of gloves (melded)
 D - the +6 chain mail "Lies" (melded) {MR- Str+5 Int-3 SInv}
   (You found it on level 6 of the Dungeon)

   It affects your strength (+5).
   It affects your intelligence (-3).
   It affects your resistance to hostile enchantments.
   It lets you see invisible.
Jewellery
 p - an uncursed ring of magical power
 A - an uncursed ring of see invisible
 B - a ring of protection from magic (left branch)
 G - an amulet of faith (around neck)
 H - a +3 ring of evasion (right branch)
Wands
 h - a wand of lightning (3/15)
 y - a wand of polymorph (23/24)
 z - a wand of iceblast (3/15)
Scrolls
 e - 2 scrolls of recharging
 o - 2 scrolls of teleportation
 s - 4 scrolls of identify
 t - 3 scrolls of enchant weapon
 v - 2 scrolls of remove curse {unknown}
Potions
 i - 2 potions of lignification
 k - a potion of curing
 n - 3 potions of haste
 w - a potion of heal wounds {unknown}
 x - a potion of cancellation {unknown}
Books
 E - a book of Minor Magic

   Spells                             Type                      Level
   a - Magic Dart                     Conjuration                  1
   b - Blink                          Translocation                2
   c - Call Imp                       Summoning                    2
   d - Slow                           Hexes                        2
   e - Conjure Flame                  Conjuration/Fire             3
   f - Mephitic Cloud                 Conjuration/Poison/Air       3
Comestibles
 f - 6 bread rations
 g - 4 royal jellies
 l - 8 fruits
 q - 2 meat rations


   Skills:
 - Level 8.3 Fighting
 * Level 7.5 Long Blades
 - Level 10.3 Maces & Flails
 - Level 3.2 Armour
 - Level 3.2 Shields


You had 9 spell levels left.
You didn't know any spells.

Dungeon Overview and Level Annotations

Branches:
Dungeon (9/15)             Temple (0/1) D:6
   Lair: D:8-11         Orc: D:9-12

Altars:
Dithmenos
Elyvilon
Hepliaklqana
Makhleb
Nemelex Xobeh
Okawaru
Sif Muna
Xom

Shops:
D:8 [


Innate Abilities, Weirdness & Mutations

You are resistant to torment.
((Your stone body is resilient. (AC +7)))
You are immune to poison.
You resist negative energy. (rN+)
((You are resistant to electric shocks. (rElec)))
((You can survive without breathing.))
You are immune to petrification.
You are immune to rotting.


Message History

The two-headed ogre barely misses you.
Unknown command.
You feel better. You block the ogre's attack.
You turn into a tree.
Your +2 pair of gloves melds into your body.
Your +0 pair of boots melds into your body.
The +6 chain mail "Lies" {MR- Str+5 Int-3 SInv} melds into your body.
Your roots penetrate the ground.
The two-headed ogre hits you but does no damage.
The two-headed ogre hits you with a giant club.
* * * LOW HITPOINT WARNING * * *
The ogre hits you but does no damage.
You hit the two-headed ogre. You burn the two-headed ogre.
The two-headed ogre is severely wounded.
The two-headed ogre hits you but does no damage.
You block the two-headed ogre's attack. The ogre hits you but does no damage.
You hit the two-headed ogre. You burn the two-headed ogre.
The two-headed ogre is severely wounded.
The two-headed ogre hits you with a giant club!!
You die...

#.## #...####....#####[...
#..###.###.........##...##
##.##..# #............#.##
#.##.## #.....=..##......
#.##.# ##.÷......##....##
#.##.# #..........#.#####
#..#.###............###..
##......O................
####......%♣O.....).........
#.......#########...#######.
#.###[.###### #.#...##....
#.# #.......# #.###.##.###
#.# #.#####.# ##.###....###
#.# #.# #.####............
#.###.# #...##....≈≈≈.....
#..##.# ###......≈≈≈≈≈....
###..#.####
##).....≈≈∩≈≈..<.


You could see a two-headed ogre and an ogre.

Vanquished Creatures
  A hydra (D:8)
  A two-headed ogre (D:4)
  Pikel (D:5)
  The ghost of Azzok the Skirmisher, an amateur CeAM (D:3)
  Edmund (D:5)
  A hungry ghost (D:7)
  An orc warrior (D:7)
  3 phantoms
  An ogre (D:7)
  4 centaurs
  2 big kobolds (D:7)
  2 bullfrogs (D:7)
  A scorpion (D:5)
  A howler monkey (D:6)
  4 crimson imps
  2 jellies
  4 hounds
  An orc priest (D:7)
  5 orc wizards
  A gnoll shaman (D:5)
  2 iguanas
  4 worker ants
  2 hound skeletons
  Robin (D:4)
  2 worker ant zombies (D:5)
  13 gnolls
  14 adders
  An ooze (D:2)
  A worm (D:3)
  6 leopard geckos
  34 orcs
  2 ball pythons
  5 giant cockroaches
  23 goblins
  5 hobgoblins
  7 jackals (D:5)
  24 kobolds
  2 quokkas
  3 bats
  5 frilled lizards
  5 rats
199 creatures vanquished.

Vanquished Creatures (others)
  A bullfrog skeleton (D:5)
  A giant cockroach (D:5)
2 creatures vanquished.

Grand Total: 201 creatures vanquished

Notes
Turn   | Place    | Note
-------+----------+-------------------------------------------
     0 | D:1      | Koga the Gargoyle Fighter began the quest for the Orb.
     0 | D:1      | Reached XP level 1. HP: 14/14 MP: 1/1
   197 | D:1      | Reached XP level 2. HP: 19/19 MP: 2/2
   443 | D:1      | Reached skill level 3 in Maces & Flails
   652 | D:1      | Reached XP level 3. HP: 24/24 MP: 3/3
  1174 | D:2      | Reached XP level 4. HP: 19/29 MP: 4/4
  1401 | D:2      | Found a sparkling altar of Nemelex Xobeh.
  1608 | D:3      | Reached skill level 4 in Maces & Flails
  1625 | D:3      | Found a deep blue altar of Sif Muna.
  1626 | D:3      | Found an iron altar of Okawaru.
  1654 | D:3      | Noticed Azzok's ghost (amateur CeAM)
  1674 | D:3      | Killed Azzok's ghost
  1674 | D:3      | Reached skill level 5 in Maces & Flails
  1674 | D:3      | Reached XP level 5. HP: 34/34 MP: 5/5
  1674 | D:3      | Reached XP level 6. HP: 40/40 MP: 6/6
  1765 | D:3      | Reached skill level 5 in Fighting
  1919 | D:3      | Found a burning altar of Makhleb.
  2472 | D:4      | Reached skill level 6 in Maces & Flails
  2763 | D:4      | Noticed a two-headed ogre
  2781 | D:4      | Killed a two-headed ogre
  2781 | D:4      | Reached skill level 8 in Maces & Flails
  2781 | D:4      | Reached XP level 7. HP: 17/47 MP: 3/7
  2781 | D:4      | Reached XP level 8. HP: 19/52 MP: 3/8
  3210 | D:4      | Noticed Robin
  3255 | D:4      | Killed Robin
  3349 | D:4      | Found a white marble altar of Elyvilon.
  3547 | D:3      | Became a worshipper of Warmaster Okawaru
  3590 | D:5      | Entered Level 5 of the Dungeon
  3747 | D:5      | Found a shadowy altar of Dithmenos.
  3755 | D:5      | Noticed Pikel
  3787 | D:5      | Killed Pikel
  3787 | D:5      | Reached skill level 9 in Maces & Flails
  3787 | D:5      | Reached XP level 9. HP: 39/58 MP: 7/9
  3951 | D:5      | Reached * piety under Okawaru
  4103 | D:5      | Noticed Edmund
  4165 | D:5      | Killed Edmund
  4176 | D:5      | Reached skill level 10 in Maces & Flails
  4527 | D:6      | Found a staircase to the Ecumenical Temple.
  4539 | D:6      | Found a hazy altar of Hepliaklqana.
  4588 | D:6      | Got an ichor-stained chain mail
  4600 | D:6      | Identified the +6 chain mail "Lies" {MR- Str+5 Int-3 SInv} (You found it on level 6 of the Dungeon)
  5292 | D:6      | Identified a scroll of acquirement
  5295 | D:6      | Got a transparent falchion
  5296 | D:6      | Identified the +5 falchion "Didetoesm" {flame, MR- Dex+8} (You acquired it on level 6 of the Dungeon)
  5835 | D:7      | Reached skill level 1 in Long Blades
  5912 | D:7      | Reached ** piety under Okawaru
  6318 | D:7      | Found a shimmering altar of Xom.
  6479 | D:7      | Reached skill level 5 in Long Blades
  6556 | D:7      | Reached *** piety under Okawaru
  6761 | D:7      | Reached XP level 10. HP: 64/64 MP: 10/10
  6894 | D:8      | Found Wyoquock's Armour Emporium.
  7313 | D:9      | Noticed an eight-headed hydra
  7316 | D:9      | Noticed a two-headed ogre
  7349 | D:8      | Killed a two-headed hydra
  7372 | D:8      | Slain by a two-headed ogre

Vault maps used:
D:1:      denvon_arrival_planthouse
D:2:      lemuel_crystal_altar, first_bread, kennysheep_generic_room_9
D:3:      lightli_temple_of_fire, gammafunk_temple_overflow_pools
D:4:      elyvilon_altar_5, kennysheep_diamond, kennysheep_cluttered_room,
          uniq_robin
D:5:      nicolae_dithmenos_the_darkroom, uniq_edmund, uniq_pikel
D:6:      lemuel_round_altar, minmay_temple_entry_glassed_door
D:7:      xom_teletrap_fun
D:8:      serial_shops, nicolae_shop_waterfront
D:9:      cheibrodos_iron_armory

Skill      XL: |  1  2  3  4  5  6  7  8  9 10 |
---------------+-------------------------------+-----
Maces & Flails | 3 5 8 9 10 | 10.3
Fighting       | 4 6 7 8 |  8.3
Long Blades    | 5 7 |  7.5
Armour         | |  3.2
Shields        | |  3.2

Action                   |  1- 3 |  4- 6 |  7- 9 | 10-12 || total
-------------------------+-------+-------+-------+-------++-------
Melee: Flail             |   117 |   323 |   290 |       ||   730
       Falchion          |       |       |   146 |    66 ||   212
Invok: Heroism           |       |       |     1 |     1 ||     2
  Use: Potion            |       |     2 |     4 |     2 ||     8
       Scroll            |       |       |    12 |     3 ||    15
  Eat: Chunk             |     1 |     6 |    11 |     2 ||    20
       Meat ration       |       |       |     1 |       ||     1
Armor: Scale mail        |    23 |       |       |       ||    23
       Plate armour      |    43 |   226 |   253 |       ||   522
       Skin              |       |     8 |       |     4 ||    12
       Chain mail        |       |       |    75 |    58 ||   133
Dodge: Dodged            |    27 |    46 |   101 |    29 ||   203
Block: Shield            |    82 |   178 |   252 |    47 ||   559
       Rpst.: Falchion   |       |       |    14 |     4 ||    18
